 Dungeon Crawl Stone Soup version 0.22-b1-21-g5cfc168 (webtiles) character file.

834 tyranidshit the Skirmisher (level 7, -4/58 HPs)
             Began as a Demonspawn Abyssal Knight on Aug 3, 2018.
             Was an Elder of Lugonu.
             Killed from afar by Ijyb (14 damage)
             ... with a wand of acid (5)
             ... on level 5 of the Dungeon.
             The game lasted 00:11:23 (3546 turns).

tyranidshit the Skirmisher (DsAK)                   Turns: 3546, Time: 00:11:24

Health: -4/58      AC: 11    Str: 17    XL:     7   Next: 66%
Magic:  10/10      EV: 11    Int: 13    God:    Lugonu [****..]
Gold:   369        SH:  0    Dex: 15    Spells: 6/6 levels left

rFire    . . .     SeeInvis .   a - +1 hand axe
rCold    . . .     Gourm    .   (no shield)
rNeg     . . .     Faith    .   n - +1 ring mail "Foxkaibb" {Str+5}
rPois    .         Spirit   .   (no helmet)
rElec    .         Reflect  .   m - +0 cloak
rCorr    .         Harm     .   (no gloves)
MR       .....                  (no boots)
Stlth    +.........             (no amulet)
HPRegen  0.19/turn              (no ring)
MPRegen  0.12/turn              (no ring)

@: very slow
A: fangs 1, yellow scales 2, agile 1, demonic guardian 1, weak 1, wild magic 1
a: Depart the Abyss, Bend Space, Banish, Corrupt, Renounce Religion


You were on level 5 of the Dungeon.
You worshipped Lugonu.
Lugonu was greatly pleased with you.
You were not hungry.

You visited 1 branch of the dungeon, and saw 5 of its levels.
You visited the Abyss 1 time.

You collected 369 gold pieces.

Inventory:

Hand Weapons
 a - a +1 hand axe (weapon)
 f - a +1 short sword of venom
Armour
 b - a +0 leather armour
 d - a +0 chain mail of poison resistance
 e - a +0 plate armour
 m - a +0 cloak (worn)
 n - the +1 ring mail "Foxkaibb" (worn) {Str+5}
   (You found it on level 5 of the Dungeon)

   It affects your strength (+5).
Wands
 k - a wand of random effects (33)
Scrolls
 i - 5 scrolls of remove curse
 j - 2 scrolls of teleportation
 l - 2 scrolls of identify
 o - a scroll of magic mapping
Potions
 g - a potion of might
 h - 2 potions of haste
Comestibles
 c - 9 rations


   Skills:
 - Level 6.3 Fighting
 - Level 1.7 Axes
 - Level 5.4 Armour
 - Level 0.8 Dodging
 + Level 4.0 Invocations
 + Level 2.1 Evocations


You had 6 spell levels left.
You didn't know any spells.
Your spell library was empty.

Dungeon Overview and Level Annotations

Branches:
Dungeon (5/15)
 Temple: D:4-7

Altars:
Qazlal

Annotations:
D:3 1 runed door, zapotec's ghost, amateur GrFi
D:5 Ijyb


Innate Abilities, Weirdness & Mutations

You are mostly covered in yellow scales. (AC +3)
A weak demonic guardian rushes to your aid.
You have very sharp teeth.
You are agile. (Dex +2)
You are weak. (Str -2)
Your spells are a little harder to cast, but a little more powerful.


Message History

You hit Ijyb but do no damage.
The phantom completely misses your iron imp.
Ijyb closely misses you.
The phantom blinks!
Your iron imp hits the phantom.
Unknown command.
You hit Ijyb.
Ijyb is lightly wounded.
Ijyb hits you with an enchanted club. The phantom hits your iron imp.
The phantom blinks!
Ijyb misses you.
Unknown command.
You hit Ijyb but do no damage.
Ijyb is lightly wounded.
The phantom blinks!
Ijyb zaps a wand.
The bolt of acid hits you!
You are splashed with acid!
The acid burns!
* * * LOW HITPOINT WARNING * * *
It is a wand of acid (5).
Unknown command.
You barely miss Ijyb.
Ijyb is lightly wounded.
Ijyb zaps a wand.
The bolt of acid hits you!
You die...

##'## ########...#
#..........##...
#####..#####....'....
...........((####....
....§.....).## ...
..≈≈...)...(# #
.≈..≈5..)..)##
≈≈..≈.g@≈...≈#
≈..≈.5≈..≈..≈≈#
...≈.⌠≈..≈..≈≈#
..≈..(⌠.≈§..≈≈#
..≈..≈..≈..≈≈≈#
...≈≈..≈..≈≈≈##
....W..≈..≈.##
.......?≈≈(.#


You could see a phantom, Ijyb, a friendly iron imp and a friendly shadow imp.

Vanquished Creatures
  Grinder (D:3)
  A centaur (D:5)
  A scorpion (D:4)
  A bullfrog skeleton (D:4)
  2 orc wizards
  3 iguanas
  Terence (D:2)
  2 worker ants (D:4)
  Natasha (twice) (D:2)
  A hound skeleton (D:2)
  Robin (D:3)
  7 adders
  An ooze (D:1)
  5 worms
  2 dart slugs
  3 leopard geckos
  10 orcs
  6 giant cockroaches
  17 goblins
  8 hobgoblins
  5 jackals
  3 ball pythons
  9 bats
  3 frilled lizards
  7 kobolds
  A leopard gecko skeleton (D:4)
  A quokka skeleton (D:4)
  6 rats
110 creatures vanquished.

Vanquished Creatures (collateral kills)
  2 ogres (D:4)
  A centaur skeleton (D:4)
  Natasha (D:2)
  An orc wizard (D:3)
  A leopard gecko (D:5)
  3 orcs
  A giant cockroach (D:3)
  A goblin (D:2)
  7 jackals
  A jackal skeleton (D:4)
19 creatures vanquished.

Grand Total: 129 creatures vanquished

Notes
Turn   | Place    | Note
-------+----------+-------------------------------------------
     0 | Abyss:1  | tyranidshit the Demonspawn Abyssal Knight began the quest for the Orb.
     0 | Abyss:1  | Reached XP level 1. HP: 18/18 MP: 2/2
    96 | Abyss:1  | Noticed an iron imp
   107 | Abyss:1  | Noticed a large abomination
   180 | Abyss:2  | Noticed a smoke demon
   182 | D:1      | Escaped the Abyss
   212 | D:1      | Reached * piety under Lugonu
   334 | D:1      | Gained mutation: You are partially covered in yellow scales. (AC +2) [demonic ancestry]
   334 | D:1      | Reached XP level 2. HP: 24/24 MP: 3/3
   439 | D:1      | Reached skill level 4 in Fighting
   501 | D:1      | Gained mutation: A weak demonic guardian rushes to your aid. [demonic ancestry]
   501 | D:1      | Reached XP level 3. HP: 28/30 MP: 4/4
   799 | D:2      | Reached XP level 4. HP: 24/38 MP: 5/5
   819 | D:2      | Noticed Natasha
   827 | D:2      | Killed Natasha
   827 | D:2      | Reached skill level 5 in Fighting
   828 | D:2      | Reached ** piety under Lugonu
   874 | D:2      | Found a stormy altar of Qazlal.
   907 | D:2      | Noticed Natasha
   912 | D:2      | Killed Natasha
  1046 | D:2      | Noticed Terence
  1056 | D:2      | Killed Terence
  1056 | D:2      | Gained mutation: You are mostly covered in yellow scales. (AC +3) [demonic ancestry]
  1056 | D:2      | Reached XP level 5. HP: 35/46 MP: 6/6
  1115 | D:2      | Noticed Natasha
  1128 | D:2      | Killed Natasha
  1162 | D:3      | Noticed Robin
  1168 | D:3      | Reached skill level 6 in Fighting
  1181 | D:3      | Killed Robin
  1399 | D:3      | Noticed Grinder
  1457 | D:3      | Paralysed by Grinder for 3 turns
  1556 | D:3      | Killed Grinder
  1556 | D:3      | Reached XP level 6. HP: 18/52 MP: 7/7
  1622 | D:3      | Gained mutation: You possess an exceptional clarity of mind. [potion of mutation]
  1622 | D:3      | Gained mutation: Your muscles are strong. (Str +2) [potion of mutation]
  1857 | D:3      | Reached *** piety under Lugonu
  1942 | D:3      | Found a runed door.
  1944 | D:3      | Noticed zapotec's ghost (amateur GrFi)
  2564 | D:4      | HP: 1/52 [ogre/giant spiked club (5)]
  2565 | D:4      | Reached XP level 7. HP: 1/58 MP: 8/8
  2786 | D:4      | Lost mutation: Your muscles are strong. (Str +2) [potion of mutation]
  2786 | D:4      | Lost mutation: You possess an exceptional clarity of mind. [potion of mutation]
  2786 | D:4      | Gained mutation: You have very sharp teeth. [potion of mutation]
  2786 | D:4      | Gained mutation: You expend magic power (3 MP) to strengthen your wands. [potion of mutation]
  2786 | D:4      | Gained mutation: Your spells are a little harder to cast, but a little more powerful. [potion of mutation]
  2787 | D:4      | Lost mutation: You expend magic power (3 MP) to strengthen your wands. [potion of mutation]
  2787 | D:4      | Lost mutation: Your spells are a little harder to cast, but a little more powerful. [potion of mutation]
  2787 | D:4      | Gained mutation: You are weak. (Str -2) [potion of mutation]
  2787 | D:4      | Gained mutation: You are agile. (Dex +2) [potion of mutation]
  2787 | D:4      | Gained mutation: Your spells are a little harder to cast, but a little more powerful. [potion of mutation]
  2863 | D:4      | Reached skill level 5 in Armour
  3209 | D:4      | Reached skill level 1 in Evocations
  3286 | D:5      | Entered Level 5 of the Dungeon
  3336 | D:5      | Got a bloodstained ring mail
  3346 | D:5      | Reached **** piety under Lugonu
  3354 | D:5      | Identified the +1 ring mail "Foxkaibb" {Str+5} (You found it on level 5 of the Dungeon)
  3536 | D:5      | Noticed Ijyb
  3546 | D:5      | Killed from afar by Ijyb

Skill      XL: |  1  2  3  4  5  6  7 |
---------------+----------------------+-----
Fighting       | 4 5 6 |  6.3
Armour         | 3 4 5 |  5.4
Invocations    | 4 |  4.0
Evocations     | 2 |  2.1
Axes           | |  1.7
Dodging        | |  0.8

Action                   |  1- 3 |  4- 6 |  7- 9 || total
-------------------------+-------+-------+-------++-------
Melee: Short sword       |    20 |       |       ||    20
       Hand axe          |    68 |   216 |   110 ||   394
       Bite              |       |       |    11 ||    11
Invok: Depart the Abyss  |     1 |       |       ||     1
  Use: Scroll            |     3 |     4 |     2 ||     9
       Potion            |     1 |     4 |     5 ||    10
 Stab: Distracted        |       |     2 |       ||     2
  Eat: Ration            |       |     2 |     1 ||     3
       Chunk             |       |     1 |       ||     1
Armor: Chain mail        |    73 |   200 |    69 ||   342
       Ring mail         |       |       |    18 ||    18
Dodge: Dodged            |    33 |    97 |    59 ||   189
